 Dungeon Crawl Stone Soup version 0.27-a0-203-gd48b2df3c9 (webtiles) character file.

Game seed: 6119550756586193640

612 hatsuma the Shooter (level 7, -2/57 HPs)
             Began as a Demigod Wanderer on Jan 31, 2021.
             Slain by a killer bee (4 damage)
             ... on level 4 of the Dungeon.
             The game lasted 00:41:06 (6752 turns).

hatsuma the Shooter (Demigod Wanderer)              Turns: 6752, Time: 00:41:07

Health: -2/57      AC:  3    Str: 16    XL:     7   Next: 0%
Magic:  13/13      EV: 13    Int: 18    God:
Gold:   313        SH:  0    Dex: 16    Spells: 8/10 levels left

rFire    . . .     SeeInvis .   b - +2 short sword (drain)
rCold    + . .     Faith    .   (no shield)
rNeg     . . .     Spirit   .   j - +0 leather armour
rPois    +         Reflect  .   (no helmet)
rElec    .         Harm     .   (no cloak)
rCorr    .         Rampage  .   (no gloves)
Will     .....                  (no boots)
Stlth    ++........             (no amulet)
HPRegen  0.19/turn              e - ring of protection from cold
MPRegen  0.13/turn              x - ring of poison resistance

@: no status effects
A: high mp 1
a: no special abilities


You were on level 4 of the Dungeon.
You visited 1 branch of the dungeon, and saw 5 of its levels.
You also visited: Sewer.

You collected 313 gold pieces.

Inventory:

Hand Weapons
 a - a +2 shortbow
 b - a +2 short sword of draining (weapon)
Missiles
 d - 51 arrows
 t - 21 poisoned darts (quivered)
Armour
 j - a +0 leather armour (worn)
Jewellery
 e - a ring of protection from cold (left hand)
 l - an uncursed ring of fire
 x - a ring of poison resistance (right hand)
Scrolls
 f - 3 scrolls of amnesia
 n - 2 scrolls of fear
 o - a scroll of remove curse
 s - 3 scrolls of teleportation
 u - a scroll of random uselessness {unknown}
 y - a scroll of enchant weapon {unknown}
 A - a scroll of enchant armour {unknown}
Potions
 c - 2 potions of curing
 g - a potion of lignification
 h - a potion of might {unknown}
 i - a potion of mutation {unknown}
 k - a potion of degeneration {unknown}
 m - a potion of attraction {unknown}
 p - 2 potions of cancellation {unknown}
 q - a potion of brilliance {unknown}
 r - a potion of ambrosia {unknown}
 w - 2 potions of haste {unknown}


   Skills:
 - Level 3.0 Fighting
 - Level 4.0 Bows
 - Level 3.5 Armour
 - Level 2.6 Dodging
 - Level 2.0 Stealth
 - Level 2.1 Spellcasting
 - Level 1.0 Summonings
 - Level 2.1 Translocations
 + Level 1.7 Evocations


You had 8 spell levels left.
You knew the following spells:

 Your Spells              Type           Power        Failure   Level
a - Summon Small Mammal   Summ           20%          14%         1
b - Apportation           Tloc           18%          9%          1

Your spell library contained the following spells:

 Spells                   Type           Power        Failure   Level
 Animate Skeleton         Necr           2%           22%         1
 Corona                   Hex            1%           22%         1


Dungeon Overview and Level Annotations

Branches:
Dungeon (5/15)             Temple (0/1) D:4           Sewer (visited)


Innate Abilities, Weirdness & Mutations

You have an increased reservoir of magic. (+10% MP)


Message History

The killer bee is severely wounded.
The killer bee barely misses you. x2
You closely miss the killer bee.
The killer bee is severely wounded.
The killer bee stings you!
* * * LOW HITPOINT WARNING * * *
You are poisoned.
The killer bee poisons you! The killer bee stings you.
* * * LOW HITPOINT WARNING * * *
You feel better. The killer bee closely misses you. The killer bee stings you.
* * * LOW HITPOINT WARNING * * *
Unknown command.
You miss the killer bee.
The killer bee is severely wounded.
The killer bee misses you. The killer bee barely misses you.
The killer bee misses you.
You barely miss the killer bee.
The killer bee is severely wounded.
The killer bee stings you.
You die...

#...# #.#####
########.>.#####.# #
##................# #
#......#..#.#####.# #
#..###.#.##.# #.#####
#......#.##.# #......
#...#..#.##.# ####.##
#...#.y...<.# #...#
#.....@..#### #.#..
###.########### #....
##.## #.....# ####.
##.#.## #.....#### ##.
##.###.###...†....# #..
#.## ##.##.....##.# #..
##.###.###.....##.####..
##.#.## #######.#.....#
#..## ##.#.###.


You could see a killer bee.

Vanquished Creatures
  Purgy (Sewer)
  An ogre (D:4)
  A killer bee (D:5)
  A crimson imp (D:4)
  2 hounds (D:4)
  An orc priest (D:3)
  2 orc wizards
  2 worker ants (D:4)
  A hound skeleton (D:4)
  Robin (D:3)
  2 adders (D:4)
  A river rat (D:4)
  A white imp (D:4)
  An ooze (D:2)
  An adder skeleton (D:4)
  4 worms
  A dart slug (D:1)
  4 leopard geckos
  17 orcs
  3 giant cockroaches (D:4)
  7 goblins
  4 hobgoblins
  8 jackals
  10 kobolds
  3 quokkas
  A ball python (D:3)
  7 bats
  5 frilled lizards
  A jackal skeleton (D:4)
  3 rats
  A butterfly (D:4)
98 creatures vanquished.

Vanquished Creatures (collateral kills)
  An orc (D:3)
1 creature vanquished.

Grand Total: 99 creatures vanquished

Notes
Turn   | Place    | Note
-------+----------+-------------------------------------------
     0 | D:1      | hatsuma the Demigod Wanderer began the quest for the Orb.
     0 | D:1      | hatsuma set off with the following items: a +2 shortbow, 25
                  | arrows, 2 potions of curing, a +0 robe
     0 | D:1      | Reached XP level 1. HP: 18/18 MP: 3/3
   279 | D:1      | Reached skill level 3 in Bows
   482 | D:1      | Reached XP level 2. HP: 22/25 MP: 4/4
   953 | D:2      | Found a broken altar of Ashenzari.
  1321 | D:2      | Learned a level 1 spell: Summon Small Mammal
  2471 | D:3      | Reached XP level 3. HP: 30/30 MP: 5/5
  2474 | D:3      | Noticed Robin
  2493 | D:2      | Reached skill level 4 in Bows
  2502 | D:3      | Killed Robin
  2604 | D:3      | Reached skill level 1 in Dodging
  2883 | D:3      | Reached skill level 1 in Summonings
  2967 | D:3      | Learned a level 1 spell: Apportation
  3447 | D:3      | Reached XP level 4. HP: 26/37 MP: 7/7
  3450 | D:3      | Reached skill level 1 in Spellcasting
  3608 | D:3      | Found a stormy altar of Qazlal.
  3766 | D:3      | Reached skill level 1 in Translocations
  4006 | D:4      | Found a staircase to the Ecumenical Temple.
  4010 | D:4      | Reached XP level 5. HP: 36/45 MP: 9/9
  4255 | D:4      | Found a glowing drain.
  4259 | Sewer    | Entered a sewer
  4460 | Sewer    | Noticed Purgy
  4492 | Sewer    | Killed Purgy
  4493 | Sewer    | Reached XP level 6. HP: 12/51 MP: 9/12
  6247 | D:5      | Entered Level 5 of the Dungeon
  6501 | D:5      | Reached XP level 7. HP: 15/57 MP: 13/13
  6749 | D:4      | HP: 1/57 [killer bee (4)]
  6752 | D:4      | Slain by a killer bee

Illustrated notes

Levels and vault maps discovered:
D:1:      denvon_arrival_planthouse, layout_basic, minmay_tetromino_l4
D:2:      layout_basic, ashenzari_altar_1, serial_co_window_serial,
          co_window_paths_b, co_window_of_opportunity_a, co_window_paths_a,
          co_window_of_opportunity_a, co_window_paths_a, co_window_corner_cb,
          co_window_2corner, co_window_of_opportunity_c,
          co_window_of_opportunity_b, co_window_of_opportunity_c,
          co_window_corner_ca, co_window_4corner_a, co_window_sun,
          glass_columns_c, amcnicky_mini_rare_corridor_liquid
D:3:      layout_loops_corners, nicolae_overflow_crystal_walls, uniq_robin
D:4:      layout_loops_cross, minmay_temple_entry_butterflies,
          gup_sewer_entry_spiral, minmay_fire_ice_demons
D:5:      layout_loops_ring

Skill      XL: |  1  2  3  4  5  6 |
---------------+-------------------+-----
Bows           | 3 4 |  4.0
Dodging        | 1 2 |  2.6
Summonings     | 1 |  1.0
Spellcasting   | 1 2 |  2.1
Translocations | 2 |  2.1
Fighting       | 3 |  3.0
Armour         | 3 |  3.5
Stealth        | 2 |  2.0
Evocations     | |  1.7

Action                   |  1- 3 |  4- 6 |  7- 9 || total
-------------------------+-------+-------+-------++-------
Melee: Dagger            |    47 |       |       ||    47
       War axe           |    28 |       |       ||    28
       Short sword       |       |   186 |    19 ||   205
 Fire: Shortbow          |    99 |    54 |       ||   153
Throw: Dart              |     1 |     1 |     1 ||     3
 Cast: Summon Small Mamm |     3 |     7 |       ||    10
  Use: Scroll            |       |     6 |       ||     6
       Potion            |       |     3 |     2 ||     5
 Stab: Distracted        |     1 |       |       ||     1
       Sleeping          |       |     3 |       ||     3
Armor: Robe              |     1 |       |       ||     1
       Leather armour    |    25 |    41 |     2 ||    68
       Skin              |       |     7 |       ||     7
Dodge: Dodged            |    56 |   134 |    29 ||   219

Table legend: (Time is in decaauts)
 A = Elapsed time spent in this place.
 B = Non-inter-level travel time spent in this place.
 C = Inter-level travel time spent in this place.
 D = Time resting spent in this place.
 E = Time spent auto-exploring this place.
 F = Levels seen in this place.
 G = Mean time per level.
                   A        B        C        D        E       F      G
               +--------+--------+--------+--------+--------+-----+--------+
         Total |   6834 |   6418 |    416 |   2170 |    478 |   6 | 1139.0 |
       Dungeon |   6309 |   5893 |    416 |   1780 |    478 |   5 | 1261.8 |
         Sewer |    525 |    525 |      0 |    390 |      0 |   1 |  525.0 |
               +--------+--------+--------+--------+--------+-----+--------+

Top non-repeatable levels by time:
     D:4: 1940 daAuts
     D:3: 1716 daAuts
     D:2: 1491 daAuts
     D:1: 868 daAuts
   Sewer: 525 daAuts
     D:5: 292 daAuts
